 Dungeon Crawl Stone Soup version 0.24.1-14-gf8d2b509d9 (console) character file.

Game seed: 14691274751978427361, levelgen mode: deterministic

65387 Kagalorn the Protected (level 15, -13/115 HPs)
             Began as a Gnoll Wanderer on Mar 4, 2021.
             Was the Champion of Ashenzari.
             Mangled by a two-headed ogre
             ... wielding a +0 giant club
              (15 damage)
             ... while paralysed by an ogre mage
             ... on level 2 of the Orcish Mines on Mar 5, 2021.
             The game lasted 01:10:37 (26022 turns).

Kagalorn the Protected (Gnoll Wanderer)            Turns: 26022, Time: 01:10:38

Health: -13/115    AC: 18    Str: 23    XL:     15   Next: 16%
Magic:  25/28      EV:  2    Int: 18    God:    Ashenzari [******]
Gold:   1442       SH:  0    Dex: 12    Spells: 18/33 levels left

rFire    . . .     SeeInvis +   b - +3 broad axe
rCold    + . .     Gourm    .   B - +3 buckler "Hiadimomu" {+Inv rPois rC+} (curse)
rNeg     . . .     Faith    .   Q - +4 scale mail of Nobility {rCorr Int+3}
rPois    +         Spirit   .   q - +0 helmet
rElec    .         Reflect  .   C - +0 cloak
rCorr    +         Harm     .   (no gloves)
MR       +....     Clarity  +   G - +0 pair of boots
Stlth    ++........             E - amulet of regeneration (curse)
HPRegen  0.69/turn              p - ring of wizardry
MPRegen  0.21/turn              I - ring of Phasing {EV+8} (curse)

@: paralysed, silence
A: distributed training, fangs 1, strong nose
a: Renounce Religion, Evoke Invisibility


You were on level 2 of the Orcish Mines.
You worshipped Ashenzari.
Ashenzari was exalted by your worship.
You were not hungry.

You visited 4 branches of the dungeon, and saw 22 of its levels.
You visited the Abyss 2 times.
You also visited: Sewer and Volcano.

You collected 1727 gold pieces.
You spent 285 gold pieces at shops.

Inventory:

Hand Weapons
 a - a +3 scimitar of flaming
 b - a +3 broad axe (weapon)
 w - a +2 whip of electrocution
 H - a +3 hand crossbow
Missiles
 g - 531 stones
 i - 155 bolts
 j - 3 throwing nets
 l - 110 poisoned darts (quivered)
 t - 21 boomerangs
 D - 14 silver boomerangs
 F - 67 sling bullets
 L - 4 curare-tipped darts
Armour
 q - a +0 helmet (worn)
 B - the cursed +3 buckler "Hiadimomu" (worn) {+Inv rPois rC+}
   (You bought it in a shop on level 9 of the Dungeon)

   It protects you from cold.
   It protects you from poison.
   It lets you turn invisible.
   It has a curse placed upon it.
 C - a +0 cloak (worn)
 G - a +0 pair of boots (worn)
 N - a +2 chain mail of fire resistance
 Q - the +4 scale mail of Nobility (worn) {rCorr Int+3}
   (You found it on level 2 of the Abyss)

   It affects your intelligence (+3).
   It provides partial protection from all sources of acid and corrosion.
 W - a +1 plate armour of magic resistance
Jewellery
 k - an uncursed ring of protection from fire
 p - a ring of wizardry (left hand)
 E - a cursed amulet of regeneration (around neck)
 I - the cursed ring of Phasing (right hand) {EV+8}
   (You found it on level 8 of the Dungeon)

   [ring of evasion]

   It affects your evasion (+8).
   It has a curse placed upon it.
 S - a +4 ring of evasion
Wands
 e - a wand of acid (3)
 o - a wand of digging (4)
 M - a wand of iceblast (16)
 U - a wand of polymorph (4)
Scrolls
 h - 6 scrolls of enchant weapon
 m - 3 scrolls of amnesia
 r - a scroll of enchant armour
 u - 3 scrolls of teleportation
 x - 15 scrolls of remove curse
 y - 5 scrolls of magic mapping
 K - a scroll of blinking
 O - 3 scrolls of vulnerability
 V - a scroll of summoning
Potions
 c - a potion of resistance
 d - 2 potions of invisibility
 n - 6 potions of curing
 s - 3 potions of agility
 v - 6 potions of mutation
 z - 2 potions of flight
 A - a potion of magic
 J - 2 potions of brilliance
 P - a potion of heal wounds
 R - 3 potions of berserk rage
 T - a potion of cancellation
Comestibles
 f - 25 rations


   Skills:
 + Level 10.0 Fighting
 + Level 9.7 Short Blades
 + Level 9.7 Long Blades
 + Level 10.0 Axes
 + Level 9.7 Maces & Flails
 + Level 9.7 Polearms
 + Level 9.7 Staves
 + Level 9.7 Slings
 + Level 9.7 Bows
 + Level 10.6 Crossbows
 + Level 10.0 Throwing
 + Level 12.5 Armour
 + Level 9.7 Dodging
 + Level 9.7 Stealth
 + Level 10.0(12.8) Shields
 + Level 9.7 Unarmed Combat
 + Level 9.7 Spellcasting
 + Level 8.1(11.1) Conjurations
 + Level 8.1(11.1) Hexes
 + Level 8.1(11.1) Charms
 + Level 8.1(11.1) Summonings
 + Level 8.1(11.1) Necromancy
 + Level 8.1(11.1) Translocations
 + Level 8.1(11.1) Transmutations
 + Level 8.1(11.1) Fire Magic
 + Level 8.1(11.1) Ice Magic
 + Level 8.1(11.1) Air Magic
 + Level 8.1(11.1) Earth Magic
 + Level 8.1(11.1) Poison Magic
 + Level 10.5 Invocations
 + Level 9.7(12.5) Evocations


You had 18 spell levels left.
You knew the following spells:

 Your Spells              Type           Power        Failure   Level  Hunger
d - Petrify               Tmut/Erth      #####...     1%          4    ###....
l - Deflect Missiles      Chrm/Air       #####.....   11%         6    ######.
p - Silence               Hex/Air        #####.....   1%          5    #####..

Your spell library contained the following spells:

 Spells                   Type           Power        Failure   Level  Hunger
 Animate Skeleton         Necr           N/A          1%          1    None
 Beastly Appendage        Tmut           #####.       1%          1    None
 Confusing Touch          Hex            #####.       1%          1    None
 Magic Dart               Conj           ####         1%          1    None
 Pain                     Necr           ####         1%          1    None
 Sandblast                Erth           #####.       1%          1    None
 Sting                    Conj/Pois      ####         1%          1    None
 Passwall                 Tmut/Erth      #####...     1%          2    None
 Poisonous Vapours        Pois/Air       #####.       1%          2    None
 Searing Ray              Conj           #####.       1%          2    None
 Sticks to Snakes         Tmut           #####...     1%          2    None
 Confuse                  Hex            #####...     1%          3    None
 Dazzling Spray           Conj/Hex       #####.       1%          3    None
 Gell's Gravitas          Tloc           #####.....   1%          3    None
 Mephitic Cloud           Conj/Pois/Air  #####...     1%          3    None
 Regeneration             Chrm/Necr      #####.....   1%          3    None
 Spider Form              Tmut/Pois      #####.....   1%          3    None
 Stone Arrow              Conj/Erth      #####.       1%          3    None
 Vampiric Draining        Necr           #####.....   1%          3    None
 Animate Dead             Necr           N/A          1%          4    ###....
 Cause Fear               Hex            #####.....   1%          4    ###....
 Force Lance              Conj/Tloc      #####...     1%          4    ###....
 Fulminant Prism          Conj/Hex       #####.....   1%          4    ###....
 Ice Form                 Ice/Tmut       #####...     1%          4    ###....
 Iskenderun's Mystic Bla  Conj           #####...     1%          4    ###....
 Olgreb's Toxic Radiance  Pois           #####...     1%          4    ###....
 Blade Hands              Tmut           #####.....   1%          5    #####..
 Lee's Rapid Deconstruct  Erth           #####.....   1%          5    #####..
 Metabolic Englaciation   Hex/Ice        #####.....   1%          5    #####..
 Venom Bolt               Conj/Pois      #####.....   1%          5    #####..
 Yara's Violent Unravell  Hex/Tmut       #####.....   1%          5    #####..
 Discord                  Hex            #####.....   98%         8    #######


Dungeon Overview and Level Annotations

Branches:
Dungeon (13/15) Temple (1/1) D:6 Lair (6/6) D:11 Swamp (0/4) Lair:4 Snake (0/4) Lair:3 Slime (0/5) Lair:6 Orc (2/2) D:12 Vaults (0/5) D:12 D:13 Sewer (visited) Volcano (visited) Elf: Orc:2

Altars:
Ashenzari
Cheibriados
Dithmenos
Elyvilon
Fedhas
Gozag
Hepliaklqana
Kikubaaqudgha
Makhleb
Nemelex Xobeh
Okawaru
Qazlal
Ru
Sif Muna
Trog
Uskayaw
Vehumet
Wu Jian
Xom
Yredelemnul
Zin
The Shining One

Shops:
D:9 [   Orc:2 *[[

Annotations:
D:3 3 runed translucent doors, NeAGen181's ghost, amateur TeSu; Theblade12's ghost, amateur DsWn; Voland's ghost, amateur GrWz
D:7 2 transporters, Albert's ghost, novice DDBe
D:13 Rupert
Lair:1 exclusion: 2 oklob plants
Lair:2 exclusion: oklob plant


Innate Abilities, Weirdness & Mutations

Your experience applies equally to all skills.
You have very sharp teeth.
Your uncanny sense of smell can sniff out nearby items.


Message History

The two-headed ogre hits you but does no damage.
The two-headed ogre hits you with a +0 giant spiked club.
The two-headed ogre hits you with a +0 giant spiked club!
* * * LOW HITPOINT WARNING * * *
The ogre mage hits you from afar with a +0 spear.
* * * LOW HITPOINT WARNING * * *
The ogre hits you but does no damage.
The two-headed ogre hits you but does no damage.
The two-headed ogre hits you with a +0 dire flail.
* * * LOW HITPOINT WARNING * * *
The ogre mage hits you but does no damage.
The two-headed ogre hits you with a +0 giant spiked club.
* * * LOW HITPOINT WARNING * * *
The two-headed ogre hits you with a +0 giant spiked club!!
* * * LOW HITPOINT WARNING * * *
The ogre barely misses you.
The ogre mage hits you but does no damage.
The two-headed ogre barely misses you.
The two-headed ogre hits you with a +0 dire flail!
You die...

#....[...[............#....##.#..
#..[...#[..^.....[.#......##.....
.....[.............#.............
.......................[..)......
....#............................
................[...............#
................O................
...............O.O............#..
................@).[.............
................O.[.......)......
.....#...........................
....###.........................#
..### ###.##...#.#.#..#...#.#..##
### ########################


You could see 2 two-headed ogres, an ogre mage and an ogre.

Vanquished Creatures
  Gastronok (Lair:1)
  An orc warlord (Orc:2)
  A stone giant (Volcano)
  2 entropy weavers (Lair:4)
  A dire elephant (Lair:6)
  An ettin (Orc:1)
  The ghost of Ypehuijo the Spear-Bearer, a journeyman OpFi of Gozag (Lair:5)
  A great orb of eyes (Abyss:3)
  Erolcha (D:12)
  Harold (D:11)
  3 hydras
  7 two-headed ogres
  A catoblepas (Lair:6)
  Erica (Lair:1)
  6 death yaks
  2 orc high priests (Orc:2)
  A queen ant (Lair:4)
  A deep troll shaman (Lair:6)
  Sonja (D:10)
  3 unseen horrors (D:12)
  6 orc knights
  An ugly thing (D:11)
  2 cyclopes
  2 orc sorcerers
  8 elephants
  3 black mambas
  2 gargoyles (Volcano)
  5 spiny frogs
  3 rime drakes
  An efreet (Volcano)
  A freezing wraith (Abyss:2)
  5 komodo dragons
  5 polar bears
  4 trolls
  16 blink frogs
  Prince Ribbit (D:6)
  8 hippogriffs
  A bog body (Lair:4)
  A fire elemental (Abyss:3)
  8 humans (D:12)
  2 wyverns
  13 yaks
  4 basilisks
  A chaos spawn (Abyss:2)
  A steam dragon (D:11)
  2 large abominations (Abyss:2)
  2 vampire mosquitoes (D:12)
  3 swamp worms (Lair:4)
  24 soldier ants
  A warg (Orc:2)
  10 water moccasins
  A sky beast (D:11)
  23 orc warriors
  11 porcupines
  A swamp drake (D:12)
  A black bear (D:9)
  An ice beast (D:9)
  An eye of draining (D:11)
  A phantom (D:8)
  A necrophage (D:12)
  An ettin simulacrum (Abyss:3)
  10 ogres
  6 wolves
  9 centaurs
  21 crocodiles
  A big kobold (D:7)
  A wyvern zombie (D:8)
  7 bullfrogs
  4 earth elementals (Volcano)
  A wyvern skeleton (D:12)
  3 killer bees (D:12)
  5 howler monkeys
  An electric eel (Lair:4)
  2 crimson imps
  4 centaur zombies
  A quasit (D:5)
  A bullfrog skeleton (D:8)
  4 hounds
  12 orc priests
  A centaur skeleton (D:4)
  4 jellies
  10 orc wizards
  2 iguanas
  Ijyb (D:5)
  25 worker ants
  A killer bee zombie (D:6)
  A hound zombie (D:11)
  A worker ant zombie (D:8)
  Robin (D:2)
  8 gnolls
  9 adders
  2 shadow imps
  An adder skeleton (D:10)
  3 worms
  2 dart slugs
  13 leopard geckos
  52 orcs
  9 giant cockroaches
  19 goblins
  9 hobgoblins
  8 jackals
  7 quokkas
  2 ball pythons
  7 bats
  10 frilled lizards
  10 kobolds
  2 leopard gecko skeletons (D:4)
  A quokka skeleton (D:5)
  2 quokka zombies (D:5)
  11 rats
  4 fungi
  A plant (Lair:4)
557 creatures vanquished.

Vanquished Creatures (others)
  A thrashing horror (Abyss:3)
  A worker ant (D:12)
  A quokka (D:5)
  16 fungi
  10 plants
29 creatures vanquished.

Grand Total: 586 creatures vanquished

Notes
Turn   | Place    | Note
-------+----------+-------------------------------------------
     0 | D:1      | Kagalorn the Gnoll Wanderer began the quest for the Orb.
     0 | D:1      | Kagalorn set off with the following items: a +2 hand
                  | crossbow, 26 bolts, a potion of curing, a +0 ring mail, a
                  | ration
     0 | D:1      | Reached XP level 1. HP: 17/17 MP: 1/1
   153 | D:1      | Reached XP level 2. HP: 13/23 MP: 2/2
   908 | D:1      | Reached XP level 3. HP: 28/28 MP: 3/3
  1328 | D:2      | Reached skill level 1 in Invocations
  1725 | D:1      | Reached skill level 1 in Short Blades
  1725 | D:1      | Reached skill level 1 in Long Blades
  1725 | D:1      | Reached skill level 1 in Maces & Flails
  1725 | D:1      | Reached skill level 1 in Polearms
  1725 | D:1      | Reached skill level 1 in Staves
  1725 | D:1      | Reached skill level 1 in Slings
  1725 | D:1      | Reached skill level 1 in Bows
  1725 | D:1      | Reached skill level 1 in Dodging
  1725 | D:1      | Reached skill level 1 in Stealth
  1725 | D:1      | Reached skill level 1 in Unarmed Combat
  1725 | D:1      | Reached skill level 1 in Spellcasting
  1725 | D:1      | Reached skill level 1 in Evocations
  1852 | D:2      | Noticed Robin
  1864 | D:2      | Killed Robin
  1864 | D:2      | Reached XP level 4. HP: 27/34 MP: 5/5
  2039 | D:2      | Found a sacrificial altar of Ru.
  2089 | D:2      | Reached skill level 1 in Conjurations
  2089 | D:2      | Reached skill level 1 in Hexes
  2089 | D:2      | Reached skill level 1 in Charms
  2089 | D:2      | Reached skill level 1 in Summonings
  2089 | D:2      | Reached skill level 1 in Necromancy
  2089 | D:2      | Reached skill level 1 in Translocations
  2089 | D:2      | Reached skill level 1 in Transmutations
  2089 | D:2      | Reached skill level 1 in Fire Magic
  2089 | D:2      | Reached skill level 1 in Ice Magic
  2089 | D:2      | Reached skill level 1 in Air Magic
  2089 | D:2      | Reached skill level 1 in Earth Magic
  2089 | D:2      | Reached skill level 1 in Poison Magic
  2703 | D:3      | Reached XP level 5. HP: 33/40 MP: 6/6
  2706 | D:3      | Found a runed translucent gate.
  2710 | D:3      | Found a runed translucent gate.
  2773 | D:3      | Found a runed translucent gate.
  2774 | D:3      | Noticed NeAGen181's ghost (amateur TeSu)
  2774 | D:3      | Noticed Theblade12's ghost (amateur DsWn)
  2774 | D:3      | Noticed Voland's ghost (amateur GrWz)
  3414 | D:4      | Noticed an ogre
  3429 | D:4      | Killed an ogre
  3429 | D:4      | Reached XP level 6. HP: 47/47 MP: 8/8
  3560 | D:4      | Reached skill level 5 in Crossbows
  4480 | D:4      | Reached XP level 7. HP: 46/52 MP: 10/10
  4889 | D:5      | Entered Level 5 of the Dungeon
  4904 | D:5      | Found a glowing drain.
  4931 | Sewer    | Entered a sewer
  5382 | Sewer    | Got an iridescent mace
  5391 | Sewer    | Identified the +5 mace "Tituseg" {crush, rN+} (You found it
                  | in a sewer)
  5632 | D:5      | Found a white marble altar of Elyvilon.
  5655 | D:5      | Noticed Ijyb
  5763 | D:4      | Reached skill level 9 in Armour
  6064 | D:5      | Reached XP level 8. HP: 50/60 MP: 12/12
  6109 | D:6      | Noticed Prince Ribbit
  6138 | D:6      | Killed Prince Ribbit
  6701 | D:6      | Found a staircase to the Ecumenical Temple.
  6931 | Temple   | Entered the Ecumenical Temple
  7189 | Temple   | Became a worshipper of Ashenzari the Shackled
  7980 | D:6      | Reached XP level 9. HP: 10/66 MP: 14/14
  8190 | D:7      | Noticed Albert's ghost (novice DDBe)
  8218 | D:7      | Identified the +1 trident "Ecweas" {venom, rF+ rC+ MR+
                  | Str-4}
  8218 | D:7      | Identified the cursed +1 ring mail "Pigguts" {Dex+8}
  8232 | D:7      | Found a transporter.
  8238 | D:7      | Found a transporter.
  8284 | D:7      | Identified the ring of Wygrizef {rF+ rN+ Int-2 Stlth+}
  8372 | D:7      | Found an iron altar of Okawaru.
  8487 | D:7      | Reached * piety under Ashenzari
  8623 | D:5      | Identified the +3 robe of Zaalevor {rC+ rCorr Slay-5}
  9183 | D:5      | Killed Ijyb
  9515 | D:8      | Found the ring of Phasing {EV+8}
  9655 | D:8      | Noticed a two-headed ogre
  9691 | D:8      | Killed a two-headed ogre
  9691 | D:8      | Reached skill level 5 in Fighting
  9691 | D:8      | Reached skill level 5 in Axes
  9691 | D:8      | Reached skill level 5 in Throwing
  9691 | D:8      | Reached skill level 5 in Shields
  9782 | D:8      | Noticed a two-headed ogre
  9817 | D:8      | Killed a two-headed ogre
  9817 | D:8      | Reached skill level 5 in Invocations
  9817 | D:8      | Reached XP level 10. HP: 59/74 MP: 15/17
 10161 | D:8      | Reached ** piety under Ashenzari
 10457 | D:9      | Found Ibbubl Wuesi's Antique Armour Emporium.
 10461 | D:9      | Bought a warped buckler for 285 gold pieces
 10467 | D:9      | Identified the +3 buckler "Hiadimomu" {+Inv rPois rC+} (You
                  | bought it in a shop on level 9 of the Dungeon)
 10503 | D:9      | Reached skill level 5 in Short Blades
 10503 | D:9      | Reached skill level 5 in Long Blades
 10503 | D:9      | Reached skill level 5 in Maces & Flails
 10503 | D:9      | Reached skill level 5 in Polearms
 10503 | D:9      | Reached skill level 5 in Staves
 10503 | D:9      | Reached skill level 5 in Slings
 10503 | D:9      | Reached skill level 5 in Bows
 10503 | D:9      | Reached skill level 5 in Dodging
 10503 | D:9      | Reached skill level 5 in Stealth
 10503 | D:9      | Reached skill level 5 in Unarmed Combat
 10503 | D:9      | Reached skill level 5 in Spellcasting
 10503 | D:9      | Reached skill level 5 in Evocations
 10592 | D:9      | Reached skill level 10 in Armour
 10609 | D:9      | Paralysed by a centaur for 3 turns
 10621 | D:9      | Paralysed by a centaur for 6 turns
 10986 | D:10     | Entered Level 10 of the Dungeon
 11092 | D:10     | Noticed a two-headed ogre
 11124 | D:10     | Killed a two-headed ogre
 11145 | D:10     | Noticed a two-headed ogre
 11163 | D:10     | Killed a two-headed ogre
 11163 | D:10     | Reached XP level 11. HP: 75/82 MP: 19/19
 11231 | D:10     | Noticed a two-headed ogre
 11250 | D:10     | Killed a two-headed ogre
 11395 | D:10     | Noticed Sonja
 11430 | D:10     | Paralysed by Sonja for 2 turns
 11853 | D:10     | Killed Sonja
 11853 | D:10     | Reached skill level 5 in Conjurations
 11853 | D:10     | Reached skill level 5 in Hexes
 11853 | D:10     | Reached skill level 5 in Charms
 11853 | D:10     | Reached skill level 5 in Summonings
 11853 | D:10     | Reached skill level 5 in Necromancy
 11853 | D:10     | Reached skill level 5 in Translocations
 11853 | D:10     | Reached skill level 5 in Transmutations
 11853 | D:10     | Reached skill level 5 in Fire Magic
 11853 | D:10     | Reached skill level 5 in Ice Magic
 11853 | D:10     | Reached skill level 5 in Air Magic
 11853 | D:10     | Reached skill level 5 in Earth Magic
 11853 | D:10     | Reached skill level 5 in Poison Magic
 12103 | D:11     | Noticed a cyclops
 12125 | D:11     | Killed a cyclops
 12217 | D:11     | Noticed Harold
 12251 | D:11     | Killed Harold
 12645 | D:11     | Reached *** piety under Ashenzari
 12795 | D:11     | Found a staircase to the Lair.
 13051 | D:11     | Noticed a green ugly thing
 13102 | D:11     | Killed a green ugly thing
 13132 | D:12     | Noticed an unseen horror
 13139 | D:12     | Killed an unseen horror
 13157 | D:12     | Noticed an unseen horror
 13180 | D:12     | Killed an unseen horror
 13180 | D:12     | Reached XP level 12. HP: 85/91 MP: 22/22
 13311 | D:12     | Noticed a two-headed ogre
 13331 | D:12     | Killed a two-headed ogre
 13455 | D:12     | Noticed Erolcha
 13483 | D:12     | Cast into level 2 of the Abyss (Erolcha)
 13488 | Abyss:2  | Found a viscous altar of Jiyva.
 13510 | Abyss:2  | Found a viscous altar of Jiyva.
 13512 | Abyss:2  | Identified the +4 scale mail of Nobility {rCorr Int+3}
 13535 | Abyss:2  | Noticed an Executioner
 13555 | Abyss:2  | Learned a level 4 spell: Petrify
 13728 | Abyss:2  | Noticed a rakshasa
 13731 | Abyss:2  | Noticed a tentacled starspawn
 13760 | D:12     | Escaped the Abyss
 13829 | Lair:1   | Entered Level 1 of the Lair of Beasts
 14152 | Lair:1   | Noticed Erica
 14162 | Lair:1   | Killed Erica
 14162 | Lair:1   | Reached skill level 11 in Armour
 14221 | Lair:1   | Reached **** piety under Ashenzari
 14256 | Lair:1   | Noticed Gastronok
 14439 | Lair:1   | Killed Gastronok
 14990 | Lair:2   | Found a dark tunnel.
 14998 | Volcano  | Entered a volcano
 15109 | Volcano  | Noticed a stone giant
 15131 | Volcano  | Killed a stone giant
 16501 | Lair:3   | Found a staircase to the Snake Pit.
 16550 | Lair:3   | Reached ***** piety under Ashenzari
 16567 | Lair:3   | Noticed a five-headed hydra
 16625 | Lair:2   | Killed a one-headed hydra
 16625 | Lair:2   | Reached XP level 13. HP: 74/98 MP: 24/24
 18617 | Lair:4   | Found a staircase to the Swamp.
 19585 | Lair:5   | Noticed an entropy weaver
 19697 | Lair:5   | Noticed an entropy weaver
 19726 | Lair:4   | Killed an entropy weaver
 19735 | Lair:4   | Killed an entropy weaver
 19905 | Lair:5   | Found a large runed translucent door.
 19905 | Lair:5   | Found a large runed translucent door.
 19927 | Lair:5   | Noticed Ypehuijo's ghost (journeyman OpFi)
 19950 | Lair:5   | Killed Ypehuijo's ghost
 20243 | Lair:5   | Reached XP level 14. HP: 89/108 MP: 26/26
 20706 | Lair:6   | Entered Level 6 of the Lair of Beasts
 20765 | Lair:6   | Found a staircase to the Slime Pits.
 20989 | Lair:6   | Reached skill level 10 in Crossbows
 20989 | Lair:6   | Reached skill level 12 in Armour
 21744 | Lair:6   | Noticed a dire elephant
 22297 | Lair:6   | Reached skill level 10 in Invocations
 22330 | Lair:6   | Learned a level 5 spell: Silence
 22337 | Lair:6   | Learned a level 6 spell: Deflect Missiles
 22755 | Lair:6   | Killed a dire elephant
 23330 | D:12     | Found a staircase to the Orcish Mines.
 23351 | D:12     | Reached ****** piety under Ashenzari
 23481 | D:12     | Killed Erolcha
 23532 | D:13     | Found a gate to the Vaults.
 23532 | D:13     | Noticed Rupert
 23642 | Orc:1    | Entered Level 1 of the Orcish Mines
 23734 | Orc:2    | Entered Level 2 of the Orcish Mines
 23782 | Orc:1    | Cast into level 3 of the Abyss (orc knight)
 23830 | Abyss:3  | Noticed a starcursed mass
 23874 | Abyss:3  | Noticed a white very ugly thing
 23894 | Abyss:3  | Noticed a red very ugly thing
 24291 | Abyss:3  | Noticed a starcursed mass
 24291 | Abyss:3  | Noticed a starcursed mass
 24292 | Orc:1    | Escaped the Abyss
 24375 | Orc:2    | Paralysed by an orc sorcerer for 4 turns
 24533 | Orc:2    | Found Fafriet's General Store.
 24674 | Orc:2    | Found Rext's Antique Armour Emporium.
 24977 | Orc:2    | Reached XP level 15. HP: 91/115 MP: 28/28
 25186 | Orc:2    | Found Zoipn's Antique Armour Emporium.
 25461 | Orc:2    | Noticed an orc warlord
 25505 | Orc:2    | Killed an orc warlord
 25505 | Orc:2    | Reached skill level 10 in Fighting
 25505 | Orc:2    | Reached skill level 10 in Axes
 25505 | Orc:2    | Reached skill level 10 in Throwing
 25505 | Orc:2    | Reached skill level 10 in Shields
 25858 | Orc:2    | Paralysed by an ogre mage for 4 turns
 26016 | Orc:2    | Paralysed by an ogre mage for 7 turns
 26021 | Orc:2    | HP: 1/115 [two-headed ogre/+0 giant spiked club (18)]
 26022 | Orc:2    | Mangled by a two-headed ogre

Levels and vault maps discovered:
D:1:      evilmike_arrival_fibonacci_small, layout_basic,
          hangedman_decor_growths
D:2:      layout_loops_ring, nicolae_ru_path_of_blood, uniq_robin
D:3:      layout_loops_cross, gammafunk_ghost_cemetery, first_ration
D:4:      minmay_chambers_of_threes, layout_basic
D:5:      layout_layer_cave, portal_sewer_entry_a, elyvilon_altar_4, uniq_ijyb
D:6:      layout_basic, minmay_temple_entry_hall, hangedman_decor_opposing,
          chequers_serial_rivers_micro_e, hangedman_decor_clover_reticule,
          uniq_prince_ribbit1
D:7:      layout_basic, kennysheep_mini_moat, gammafunk_ghost_gnarly_gnolls
D:8:      layout_basic, item_on_display_a
D:9:      layout_rooms, serial_shops, shop
D:10:     layout_roguey, uniq_sonja
D:11:     layout_grid_maze, minmay_lair_entry_grove, uniq_harold
D:12:     layout_roguey, erik_orc_1, uniq_erolcha
D:13:     layout_loops_ring, david_vaults_3, serial_shops, nicolae_shop_trees
Temple:   nicolae_temple_the_god_donut
Lair:1:   layout_concentric_octagons, cheibrodos_lair_caveside_slide,
          grunt_megastairs_2, minmay_lair_oklob_chamber, uniq_erica,
          uniq_gastronok
Lair:2:   layout_layer_cave, enter_volcano_2, minmay_lair_oklob_bushes
Lair:3:   layout_layer_cave, dummy_snake_entry, serial_bayou_pond_b,
          lemuel_fruit_tree
Lair:4:   layout_long_grid, nicolae_swamp_entry_splash_gauntlet,
          minmay_hedge_maze
Lair:5:   layout_cave_pods, ebering_ghost_disaster_area, minivault_29
Lair:6:   grunt_lair_end_beastmaster, layout_cave_pods, slime_dummy,
          grunt_megastairs_4
Orc:1:    layout_caves
Orc:2:    grunt_orc_gardens, layout_caves, grunt_orc_garden, grunt_orc_garden,
          grunt_orc_garden, grunt_orc_garden, serial_shops, nicolae_shop_crystal

Skill      XL: |  1  2  3  4  5  6  7  8  9 10 11 12 13 14 15 |
---------------+----------------------------------------------+-----
Invocations    | 1 2 3 4 5 6 7 8 9 10 | 10.5
Short Blades   | 1 2 3 4 5 6 7 8 9 |  9.7
Long Blades    | 1 2 3 4 5 6 7 8 9 |  9.7
Maces & Flails | 1 2 3 4 5 6 7 8 9 |  9.7
Polearms       | 1 2 3 4 5 6 7 8 9 |  9.7
Staves         | 1 2 3 4 5 6 7 8 9 |  9.7
Slings         | 1 2 3 4 5 6 7 8 9 |  9.7
Bows           | 1 2 3 4 5 6 7 8 9 |  9.7
Dodging        | 1 2 3 4 5 6 7 8 9 |  9.7
Stealth        | 1 2 3 4 5 6 7 8 9 |  9.7
Unarmed Combat | 1 2 3 4 5 6 7 8 9 |  9.7
Spellcasting   | 1 2 3 4 5 6 7 8 9 |  9.7
Evocations     | 1 2 3 4 5 6 7 8 9 |  9.7
Conjurations   | 1 2 3 4 5 6 7 8 |  8.1
Hexes          | 1 2 3 4 5 6 7 8 |  8.1
Charms         | 1 2 3 4 5 6 7 8 |  8.1
Summonings     | 1 2 3 4 5 6 7 8 |  8.1
Necromancy     | 1 2 3 4 5 6 7 8 |  8.1
Translocations | 1 2 3 4 5 6 7 8 |  8.1
Transmutations | 1 2 3 4 5 6 7 8 |  8.1
Fire Magic     | 1 2 3 4 5 6 7 8 |  8.1
Ice Magic      | 1 2 3 4 5 6 7 8 |  8.1
Air Magic      | 1 2 3 4 5 6 7 8 |  8.1
Earth Magic    | 1 2 3 4 5 6 7 8 |  8.1
Poison Magic   | 1 2 3 4 5 6 7 8 |  8.1
Fighting       | 3 4 5 6 7 8 9 10 | 10.0
Axes           | 3 4 5 6 7 8 9 10 | 10.0
Throwing       | 3 4 5 6 7 8 9 10 | 10.0
Shields        | 3 4 5 6 7 8 9 10 | 10.0
Crossbows      | 5 6 7 8 9 10 | 10.6
Armour         | 9 10 11 12 | 12.5

Action                   |  1- 3 |  4- 6 |  7- 9 | 10-12 | 13-15 || total
-------------------------+-------+-------+-------+-------+-------++-------
Melee: Unarmed           |   110 |       |       |       |       ||   110
       Bite              |    32 |    19 |    36 |   113 |   214 ||   414
       Short sword       |   162 |    85 |       |       |       ||   247
       Great sword       |       |   126 |   179 |       |       ||   305
       Mace              |       |       |    87 |       |       ||    87
       Punch             |       |       |     6 |     1 |       ||     7
       Broad axe         |       |       |    31 |   753 |  1364 ||  2148
       Whip              |       |       |    31 |    16 |       ||    47
       Scimitar          |       |       |       |     6 |    14 ||    20
 Fire: Hand crossbow     |       |       |       |     1 |     1 ||     2
Throw: Dart              |       |     6 |    28 |    70 |     7 ||   111
 Cast: Petrify           |       |       |       |     3 |    10 ||    13
       Silence           |       |       |       |       |     2 ||     2
Invok: Curse Item        |       |       |     3 |     1 |       ||     4
 Abil: Evoke Invisibilit |       |       |       |     1 |     8 ||     9
Evoke: Wand              |       |       |       |     3 |     1 ||     4
  Use: Scroll            |       |       |    16 |     8 |     7 ||    31
       Potion            |       |       |     2 |     3 |     2 ||     7
 Stab: Invisible         |       |       |       |     6 |    39 ||    45
       Sleeping          |       |       |       |     3 |     6 ||     9
       Petrified         |       |       |       |       |    18 ||    18
       Petrifying        |       |       |       |       |     1 ||     1
  Eat: Chunk             |     2 |     7 |     7 |     6 |    13 ||    35
       Ration            |       |     1 |     3 |     5 |     8 ||    17
Armor: Ring mail         |    76 |       |       |       |       ||    76
       Chain mail        |    79 |   149 |   234 |   220 |       ||   682
       Skin              |       |       |       |    16 |       ||    16
       Scale mail        |       |       |       |    63 |   307 ||   370
Dodge: Dodged            |   140 |    89 |   177 |   726 |  1326 ||  2458
Block: Buckler           |       |       |       |   398 |   831 ||  1229
       Rpst.: Great sword |       |    12 |    34 |       |       ||    46
       Scimitar          |       |       |       |       |     4 ||     4
